 Dungeon Crawl Stone Soup version 0.22-a0-254-gaf95ca0ccb (webtiles) character file.

7349 RedPan the Grappler (level 11, -3/104 HPs)
             Began as an Ogre Monk on Mar 4, 2018.
             Was a High Priest of Cheibriados.
             Slain by a troll (9 damage)
             ... on level 9 of the Dungeon.
             The game lasted 00:22:05 (9554 turns).

RedPan the Grappler (Ogre Monk)                     Turns: 9554, Time: 00:22:06

Health: -3/104     AC:  5    Str: 28    XL:     11   Next: 13%
Magic:  12/15      EV: 18    Int: 22    God:    Cheibriados [*****.]
Gold:   325        SH:  0    Dex: 25    Spells: 10/10 levels left

rFire    + . .     SeeInvis +     - Unarmed
rCold    . . .     Gourm    .   (no shield)
rNeg     . . .     Faith    .   a - +2 robe
rPois    .         Spirit   .   (helmet restricted)
rElec    .         Reflect  .   (no cloak)
rCorr    .         Harm     .   (gloves unavailable)
MR       +....                  (boots unavailable)
Stlth    ++........             o - amulet of regeneration
HPRegen  0.67/turn              F - ring of protection from fire
MPRegen  0.14/turn              m - ring of see invisible

@: very slightly contaminated, very slow
A: large, unfitting armour, tough skin 1
a: Bend Time, Temporal Distortion, Slouch, Step From Time, Renounce Religion


You were on level 9 of the Dungeon.
You worshipped Cheibriados.
Cheibriados was extremely pleased with you.
You were hungry.

You visited 1 branch of the dungeon, and saw 10 of its levels.

You collected 415 gold pieces.
You spent 90 gold pieces at shops.

Inventory:

Hand Weapons
 d - a +1 spear of piercing
 G - the +1 falchion of a labyrinth {venom, -Tele rPois rN+ Int+4}
   (You took it off an orc wizard on level 9 of the Dungeon)

   It poisons the flesh of those it strikes.
   It affects your intelligence (+4).
   It protects you from poison.
   It protects you from negative energy.
   It prevents most forms of teleportation.
Armour
 a - a +2 robe (worn)
 g - a +0 robe of fire resistance
 s - a +0 robe
Magical Staves
 A - an uncursed staff of cold
Jewellery
 m - a ring of see invisible (right hand)
 n - an uncursed ring of magical power
 o - an amulet of regeneration (around neck)
 y - an uncursed amulet of the gourmand
 F - a ring of protection from fire (left hand)
Wands
 e - a wand of polymorph (4)
 h - a wand of flame (30)
 B - a wand of acid (3)
Scrolls
 c - 6 scrolls of remove curse
 j - a scroll of magic mapping
 p - 3 scrolls of enchant weapon
 v - a scroll of teleportation
 D - a scroll of identify
 E - a scroll of amnesia
 H - a scroll of enchant armour
 I - 2 scrolls of random uselessness
Potions
 f - 2 potions of curing
 i - 2 potions of magic
 k - 2 potions of haste
 q - a potion of mutation
 r - a potion of brilliance
 t - 2 potions of agility {unknown}
 u - a potion of flight {unknown}
 w - a potion of might {unknown}
 x - a potion of invisibility
 z - a potion of heal wounds
 C - 3 potions of resistance
 J - a potion of degeneration {unknown}
Comestibles
 b - 17 rations


   Skills:
 + Level 5.5 Fighting
 + Level 8.5 Dodging
 - Level 1.4 Stealth
 * Level 11.8 Unarmed Combat
 - Level 6.3 Invocations


You had 10 spell levels left.
You didn't know any spells.

Dungeon Overview and Level Annotations

Branches:
Dungeon (10/15)            Temple (0/1) D:7            Lair (0/6) D:8
    Orc: D:9-12

Altars:
Ashenzari
Cheibriados
Makhleb
Nemelex Xobeh
Trog
Uskayaw
Xom
Yredelemnul
Zin

Shops:
D:4 (


Innate Abilities, Weirdness & Mutations

You are too large for most types of armour.
You have tough skin. (AC +1)


Message History

The two-headed ogre hits you with a giant club!
* * * LOW HITPOINT WARNING * * *
The two-headed ogre completely misses you.
You hit the two-headed ogre. You punch the two-headed ogre.
The two-headed ogre is moderately wounded.
The flow of time bends around you.
Cheibriados rebukes the two-headed ogre.
The two-headed ogre seems to slow down.
Cheibriados rebukes the troll.
The troll seems to slow down.
You feel slightly more hungry. The troll closely misses you.
The troll claws you.
* * * LOW HITPOINT WARNING * * *
The troll claws you!
* * * LOW HITPOINT WARNING * * *
The two-headed ogre completely misses you.
The two-headed ogre misses you.
You punch the two-headed ogre!
The two-headed ogre is heavily wounded.
The troll closely misses you. The troll claws you!
You die...

...........# #..# #....# #...#
.........).# #..# #....# #...#
...........# #..# #....# #...#
...........###..# #....####...#
................####...........##
.................................
.................................
.................T..[............
................@O######........#
..................# #........#
..................# #........#
..................######........#
................................#
..........................T.....#
<..........#########.......O...##
########...# #..######...## #
#...# #..# #...##


You could see a two-headed ogre and a troll.

Vanquished Creatures
  The ghost of dricus the Grappler, a journeyman NaTm of Okawaru (D:7)
  The ghost of brujo666 the Cruncher, a novice MiGl (D:5)
  Joseph (D:8)
  4 hogs (D:7)
  A human (D:7)
  5 yaks (D:9)
  Duvessa (D:7)
  An ice beast (D:7)
  A necrophage (D:8)
  4 orc warriors
  2 black bears (D:7)
  2 sky beasts
  4 ogres
  A phantom (D:8)
  The ghost of dricus the Poker, an amateur MfGl of Okawaru (D:3)
  3 centaurs
  Blork the orc (D:6)
  9 bullfrogs
  Dowan (D:7)
  3 scorpions
  A water moccasin skeleton (D:6)
  10 killer bees (D:8)
  A howler monkey (D:7)
  2 electric eels (D:9)
  A bullfrog zombie (D:9)
  3 crimson imps
  A jelly (D:6)
  A bullfrog skeleton (D:9)
  4 hounds
  4 orc priests
  An iguana (D:9)
  6 orc wizards
  8 worker ants
  A hound zombie (D:5)
  2 hound skeletons (D:6)
  A mummy (D:5)
  3 worker ant zombies (D:5)
  3 gnolls (D:5)
  9 adders
  4 shadow imps
  3 oozes
  An adder skeleton (D:8)
  2 worms
  A dart slug (D:1)
  5 leopard geckos
  26 orcs
  15 bats
  6 giant cockroaches
  6 goblins
  5 hobgoblins
  6 jackals
  A quokka (D:9)
  3 ball pythons
  12 frilled lizards
  11 kobolds
  2 leopard gecko skeletons
  8 rats
226 creatures vanquished.

Vanquished Creatures (others)
  A sky beast (D:8)
1 creature vanquished.

Grand Total: 227 creatures vanquished

Notes
Turn   | Place    | Note
-------+----------+-------------------------------------------
     0 | D:1      | RedPan the Ogre Monk began the quest for the Orb.
     0 | D:1      | Reached XP level 1. HP: 24/24 MP: 1/1
    82 | D:1      | Reached skill level 3 in Unarmed Combat
    87 | D:1      | Reached XP level 2. HP: 31/32 MP: 2/2
   245 | D:1      | Reached XP level 3. HP: 17/39 MP: 3/3
  1039 | D:2      | Reached skill level 4 in Unarmed Combat
  1127 | D:2      | Found a glowing silver altar of Zin.
  1128 | D:2      | Found Zin's Purification Station.
  1150 | D:2      | Bought a potion of curing for 90 gold pieces
  1232 | D:2      | Reached XP level 4. HP: 42/48 MP: 4/4
  1704 | D:2      | Reached XP level 5. HP: 46/54 MP: 5/5
  1754 | D:3      | Found a shattered altar of Ashenzari.
  1778 | D:3      | Noticed dricus's ghost (amateur MfGl)
  1816 | D:3      | Killed dricus's ghost
  1816 | D:3      | Reached skill level 5 in Unarmed Combat
  1931 | D:3      | Reached XP level 6. HP: 62/62 MP: 6/6
  2518 | D:4      | Found a basalt altar of Yredelemnul.
  2694 | D:4      | Found Bailaoja's Weapon Boutique.
  2713 | D:4      | Reached skill level 6 in Unarmed Combat
  2897 | D:4      | Found a hide-covered altar of Uskayaw.
  3184 | D:4      | Reached XP level 7. HP: 51/70 MP: 7/7
  3385 | D:5      | Entered Level 5 of the Dungeon
  3432 | D:5      | Noticed brujo666's ghost (novice MiGl)
  3643 | D:5      | Found a snail-covered altar of Cheibriados.
  3658 | D:5      | Became a worshipper of Cheibriados the Contemplative
  3658 | D:5      | Reached * piety under Cheibriados
  3658 | D:5      | Reached ** piety under Cheibriados
  3912 | D:5      | Killed brujo666's ghost
  3912 | D:5      | Reached skill level 5 in Dodging
  3912 | D:5      | Reached skill level 7 in Unarmed Combat
  3912 | D:5      | Reached XP level 8. HP: 36/78 MP: 10/10
  4808 | D:6      | Reached skill level 8 in Unarmed Combat
  5025 | D:6      | Reached *** piety under Cheibriados
  5140 | D:6      | Noticed Blork the orc
  5148 | D:6      | Killed Blork the orc
  5148 | D:6      | Reached XP level 9. HP: 65/84 MP: 12/12
  6064 | D:7      | Reached skill level 9 in Unarmed Combat
  6064 | D:7      | Reached skill level 5 in Invocations
  6148 | D:7      | Found a staircase to the Ecumenical Temple.
  6173 | D:7      | Noticed Dowan
  6174 | D:7      | Noticed Duvessa
  6196 | D:7      | Killed Duvessa
  6201 | D:7      | Killed Dowan
  6353 | D:7      | Noticed dricus's ghost (journeyman NaTm)
  6432 | D:7      | Found a bloodstained altar of Trog.
  6464 | D:7      | Killed dricus's ghost
  6464 | D:7      | Reached skill level 10 in Unarmed Combat
  6464 | D:7      | Reached XP level 10. HP: 33/92 MP: 14/14
  6636 | D:7      | Reached **** piety under Cheibriados
  7146 | D:7      | Found a sparkling altar of Nemelex Xobeh.
  7310 | D:8      | Noticed Joseph
  7328 | D:8      | HP: 4/92 [Joseph/sling bullet (7)]
  7332 | D:8      | Killed Joseph
  7520 | D:8      | Reached skill level 11 in Unarmed Combat
  7719 | D:8      | Reached ***** piety under Cheibriados
  8093 | D:8      | Found a staircase to the Lair.
  8520 | D:9      | Found a shimmering altar of Xom.
  8674 | D:9      | Reached XP level 11. HP: 71/101 MP: 15/15
  8677 | D:9      | Reached skill level 5 in Fighting
  8914 | D:9      | Got a translucent falchion {venom}
  8915 | D:9      | Identified the cursed +1 falchion of a labyrinth {venom, -Tele rPois rN+ Int+4} (You took it off an orc wizard on level 9 of the Dungeon)
  8946 | D:9      | Identified Bybbuoc's Grimoire of Calling
  9353 | D:9      | Found a burning altar of Makhleb.
  9479 | D:10     | Entered Level 10 of the Dungeon
  9497 | D:10     | Noticed a two-headed ogre
  9554 | D:9      | Slain by a troll

Vault maps used:
D:1:      nicolae_arrival_washed_ashore, minmay_misc_feat_more_columns,
          corexii_item_surrounded_by_moat, minmay_lizard_pond
D:2:      zin_purify, minivault_24
D:3:      lemuel_doored_altar, first_ration
D:4:      eat_drink_and_be_merry_uskayaw, serial_shops, nicolae_shop_waterfront,
          yredelemnul_altar_generic, uniq_sigmund
D:5:      slow_altar_2
D:6:      uniq_blork_the_orc
D:7:      nemelex_xobeh_ov_fountains_minmay, minmay_temple_entry_large_hall,
          basic_altar, grunt_livestock, uniq_duvessa
D:8:      lair_entry_dummy, minmay_misc_feat_columns, uniq_joseph
D:9:      kennysheep_mini_moat, nicolae_overflow_crystal_walls,
          kennysheep_cross_room, library_closet
D:10:     basic_altar, evilmike_minifort, uniq_snorg

Skill      XL: |  1  2  3  4  5  6  7  8  9 10 11 |
---------------+----------------------------------+-----
Unarmed Combat | 3 4 5 6 7 8 10 11 | 11.8
Dodging        | 3 4 5 7 8 |  8.5
Invocations    | 2 4 6 |  6.3
Fighting       | 5 |  5.5
Stealth        | |  1.4

Action                   |  1- 3 |  4- 6 |  7- 9 | 10-12 || total
-------------------------+-------+-------+-------+-------++-------
Melee: Unarmed           |   146 |   264 |   318 |   305 ||  1033
       Punch             |       |     3 |    17 |    32 ||    52
Invok: Bend Time         |       |       |     2 |     3 ||     5
       Temporal Distorti |       |       |     1 |       ||     1
Evoke: Wand              |       |       |     7 |       ||     7
  Use: Scroll            |       |    10 |     6 |     8 ||    24
       Potion            |       |     2 |     3 |     4 ||     9
 Stab: Sleeping          |     1 |     3 |     3 |     4 ||    11
  Eat: Chunk             |       |     8 |     6 |     5 ||    19
Armor: Robe              |    67 |    61 |    40 |    30 ||   198
       Skin              |       |       |     6 |       ||     6
Dodge: Dodged            |    82 |   119 |   184 |   239 ||   624

Table legend:
 A = Spawn XP
 B = Non-spawn XP
 C = Spawn XP percentage of total XP
 D = Spawn monster count
 E = Non-spawn monster count
 F = Spawn count percentage of total count
 G = Total turns spent on level
                    A         B        C        D         E        F      G
               +---------+---------+-------+---------+---------+-------+---------
         Total |       0 |   10499 |   0.0 |       0 |     227 |   0.0 |  9554
               +---------+---------+-------+---------+---------+-------+---------
           D:1 |       0 |      48 |   0.0 |       0 |      28 |   0.0 |   930
           D:2 |       0 |     151 |   0.0 |       0 |      29 |   0.0 |   795
           D:3 |       0 |     177 |   0.0 |       0 |      25 |   0.0 |   706
           D:4 |       0 |     274 |   0.0 |       0 |      12 |   0.0 |  1022
           D:5 |       0 |    1024 |   0.0 |       0 |      15 |   0.0 |  1089
           D:6 |       0 |    1254 |   0.0 |       0 |      35 |   0.0 |  1487
           D:7 |       0 |    3237 |   0.0 |       0 |      23 |   0.0 |  1164
           D:8 |       0 |    2280 |   0.0 |       0 |      33 |   0.0 |  1192
           D:9 |       0 |    2006 |   0.0 |       0 |      26 |   0.0 |  1146
          D:10 |       0 |      48 |   0.0 |       0 |       1 |   0.0 |    23
               +---------+---------+-------+---------+---------+-------+---------
